 Dungeon Crawl Stone Soup version 0.28.0-53-g5a82cb258f (webtiles) character file.

Game seed: 4516574038024176302

205 Sin92 the Skirmisher (level 5, -2/42 HPs)
             Began as a Demonspawn Fighter on July 4, 2022.
             Killed by nerve-wracking pain
             ... invoked by an orc priest
              (8 damage)
             ... on level 3 of the Dungeon.
             The game lasted 00:05:13 (2384 turns).

Sin92 the Skirmisher (Demonspawn Fighter)           Turns: 2384, Time: 00:05:13

Health: -2/42      AC: 15    Str: 19    XL:     5   Next: 53%
Magic:  5/5        EV: 12    Int:  9    God:
Gold:   43         SH:  9    Dex: 14    Spells: 4/4 levels left

rFire   . . .      SeeInvis .   e - +0 war axe (vamp)
rCold   . . .      Faith    .   c - +0 buckler
rNeg    . . .      Spirit   .   p - +1 chain mail
rPois   .          Reflect  .   (no helmet)
rElec   .          Harm     .   n - +0 cloak
rCorr   .          Rampage  .   (no gloves)
Will    .....                   (no boots)
Stlth   ..........              (no amulet)
HPRegen 0.14/turn               (no ring)
MPRegen 0.09/turn               (no ring)

@: mighty, agile
A: thin skeletal structure 1, icemail 1, powered by pain 1, condensation shield
a: no special abilities


You were on level 3 of the Dungeon.
You visited 1 branch of the dungeon, and saw 3 of its levels.

You collected 43 gold pieces.

Inventory:

Hand Weapons
 a - a +0 war axe of flaming
 e - a +0 vampiric war axe (weapon)
Missiles
 q - 2 throwing nets (quivered)
Armour
 b - a +0 scale mail
 c - a +0 buckler (worn)
 n - a +0 cloak (worn)
 p - a +1 chain mail (worn)
Scrolls
 k - 2 scrolls of teleportation {unknown}
Potions
 f - a potion of curing {unknown}
 h - a potion of haste {unknown}
 i - a potion of attraction {unknown}
 j - a potion of mutation {unknown}
 l - a potion of heal wounds {unknown}
 m - a potion of degeneration {unknown}
 r - a potion of resistance {unknown}


   Skills:
 + Level 3.8 Fighting
 * Level 3.5 Axes
 + Level 3.5 Armour
 + Level 3.5 Shields


You had 4 spell levels left.
You didn't know any spells.
Your spell library was empty.

Dungeon Overview and Level Annotations

Branches:
Dungeon (3/15)

Altars:

Shops:
D:1 *


Innate Abilities, Weirdness & Mutations

You have a somewhat thin skeletal structure. (Dex +2, Stealth+)
A meltable icy envelope protects you from harm. (AC +4)
You sometimes gain a little power by taking damage.
A meltable shield of frost defends you. (SH +4)


Message History

The orc completely misses you.
A frilled lizard comes into view.
There are monsters nearby!
You closely miss the orc. The orc hits you with a +0 morningstar.
Unknown command.
You slash the orc!
You feel better.
You kill the orc!
The orc barely misses you.
You barely miss the orc. The orc closely misses you.
You feel very mighty all of a sudden. The orc barely misses you.
You closely miss the orc. The orc barely misses you.
You slash the orc!
You feel better.
You kill the orc!
The orc barely misses you.
You slice the orc!!
You kill the orc!
The orc closely misses you.
You slash the orc!
You kill the orc!
You slash the frilled lizard!
You kill the frilled lizard!
The orc priest invokes the aid of Beogh against you.
Pain shoots through your body!
The orc priest hits you but does no damage.
Items here: )))) [[ †.
You closely miss the orc priest. You block the orc priest's attack.
You barely miss the orc priest.
The orc priest calls down the wrath of Beogh upon you.
Pain shoots through your body!
You focus on the pain.
You feel agile all of a sudden.
You barely miss the orc priest. The orc priest closely misses you.
The orc priest mumbles some strange prayers to Beogh against you.
Beogh smites you!
* * * LOW HITPOINT WARNING * * *
You slash the orc priest!
The orc priest is severely wounded.
The orc priest mumbles some strange prayers to Beogh against you.
Pain shoots through your body!
You die...

......##
.......
.....#
....#
...# ..#
#o# #@#
#.#######
#.......#
#######.#
#.# #.#
#.# #.#
#.#


You could see an orc priest.

Vanquished Creatures
  A scorpion (D:2)
  Jessica (D:2)
  Terence (D:2)
  4 gnolls (D:2)
  An adder (D:2)
  A worm (D:2)
  4 orcs (D:3)
  2 ball pythons
  3 endoplasms (D:2)
  A giant cockroach (D:1)
  4 goblins
  A hobgoblin (D:2)
  3 jackals (D:2)
  2 quokkas (D:2)
  2 bats
  5 frilled lizards
  3 kobolds
  5 rats
  2 bushes (D:1)
46 creatures vanquished.

Vanquished Creatures (others)
  3 plants (D:1)
3 creatures vanquished.

Grand Total: 49 creatures vanquished

Notes
Turn   | Place    | Note
-------+----------+-------------------------------------------
     0 | D:1      | Sin92 the Demonspawn Fighter began the quest for the Orb.
     0 | D:1      | Reached XP level 1. HP: 18/18 MP: 1/1
   127 | D:1      | Found Onker's Assorted Antiques.
   759 | D:2      | Gained mutation: A meltable shield of frost defends you.
                  | (SH +4) [demonic ancestry]
   759 | D:2      | Reached XP level 2. HP: 18/24 MP: 2/2
   975 | D:2      | Noticed Terence
   991 | D:2      | Killed Terence
   992 | D:2      | Gained mutation: You have a somewhat thin skeletal
                  | structure. (Dex +2, Stealth+) [demonic ancestry]
   992 | D:2      | Reached XP level 3. HP: 27/29 MP: 3/3
  1097 | D:2      | Noticed a scorpion
  1107 | D:2      | Killed a scorpion
  1108 | D:2      | Gained mutation: A meltable icy envelope protects you from
                  | harm. (AC +4) [demonic ancestry]
  1108 | D:2      | Reached XP level 4. HP: 18/36 MP: 4/4
  1365 | D:2      | Found a faded altar of an unknown god.
  1543 | D:2      | Gained mutation: You sometimes gain a little power by
                  | taking damage. [demonic ancestry]
  1543 | D:2      | Reached XP level 5. HP: 41/42 MP: 5/5
  1589 | D:2      | Identified the +1 ring mail "Qamont" {Harm rPois rF-
                  | Stlth+}
  1614 | D:2      | Noticed Jessica
  1619 | D:2      | Killed Jessica
  2384 | D:3      | Killed from afar by an orc priest

Illustrated notes

Levels and vault maps discovered:
D:1:      dpeg_arrival_arbitrary_c, layout_rooms, serial_shops, shop,
          serial_forest, infiniplex_forest_end_3,
          infiniplex_forest_clump_double, infiniplex_forest_straight_5,
          infiniplex_forest_clump_cross, infiniplex_forest_lined_1,
          infiniplex_forest_straight_3, infiniplex_forest_lined_room_2,
          infiniplex_forest_zigzag_1, infiniplex_forest_clump_medium,
          infiniplex_forest_clump_small
D:2:      layout_loops_corners, basic_ecumenical_altar, chequers_garden,
          nicolae_underground_beach, uniq_jessica, uniq_terence
D:3:      layout_basic, serial_shops, nicolae_shop_stone, shop,
          nicolae_shop_crystal, shop

Skill      XL: |  1  2  3 |
---------------+----------+-----
Axes           | 2 3 |  3.5
Armour         | 3 |  3.5
Shields        | 3 |  3.5
Fighting       | |  3.8

Action                   |  1- 3 |  4- 6 || total
-------------------------+-------+-------++-------
Melee: War axe           |   135 |    80 ||   215
  Use: Scroll            |     2 |     3 ||     5
       Potion            |       |     1 ||     1
Armor: Scale mail        |    23 |       ||    23
       Chain mail        |     9 |    29 ||    38
Dodge: Dodged            |    22 |    32 ||    54
Block: Buckler           |    29 |    29 ||    58
